 Dungeon Crawl Stone Soup version 0.25.1-2-g60ff931df9 (webtiles) character file.

Game seed: 15908619182058840566

2495 MajorAdolf the Fighter (level 9, -1/93 HPs)
             Began as a Naga Wanderer on Sept 18, 2020.
             Was an Initiate of Gozag.
             Slain by a hell hound (10 damage)
             ... on level 6 of the Dungeon.
             The game lasted 00:22:08 (14102 turns).

MajorAdolf the Fighter (Naga Wanderer)             Turns: 14102, Time: 00:22:09

Health: -1/93      AC:  9    Str: 13    XL:     9   Next: 52%
Magic:  21/21      EV:  6    Int: 17    God:    Gozag
Gold:   316        SH:  8    Dex: 11    Spells: 12/12 levels left

rFire    + . .     SeeInvis +   r - +0 hand axe
rCold    . . .     Gourm    .   e - +0 kite shield
rNeg     . . .     Faith    .   s - +2 ring mail {rF+}
rPois    +         Spirit   .   i - +0 helmet
rElec    .         Reflect  .   b - +0 cloak
rCorr    .         Harm     .   (no gloves)
MR       +....                  (no barding)
Stlth    +++.......             j - amulet of the acrobat
HPRegen  0.25/turn              v - ring of flight
MPRegen  0.17/turn              p - ring of magical power

@: short of breath, drained, very slow
A: large, see invisible, deformed body, poison resistance, slowness 2, slow
metabolism 1, spit poison 1, AC +3
a: Spit Poison, Potion Petition, Call Merchant, Bribe Branch, Renounce Religion,
Evoke Flight


You were on level 6 of the Dungeon.
You worshipped Gozag.
Gozag was aware of your devotion.
You were not hungry.

You visited 2 branches of the dungeon, and saw 11 of its levels.

You collected 560 gold pieces.
You spent 130 gold pieces at shops.
You paid 114 gold pieces to Gozag.

Inventory:

Hand Weapons
 r - a +0 hand axe (weapon)
Armour
 b - a +0 cloak (worn)
 e - a +0 kite shield (worn)
 i - a +0 helmet (worn)
 s - a +2 ring mail of fire resistance (worn)
Jewellery
 a - an uncursed ring of protection from magic {unknown}
 j - an amulet of the acrobat (around neck)
 p - a ring of magical power (right hand)
 v - a ring of flight (left hand)
Wands
 h - a wand of polymorph (7)
Scrolls
 d - 2 scrolls of identify
 l - 2 scrolls of remove curse
 m - 2 scrolls of enchant armour
 n - a scroll of fog
 u - 3 scrolls of teleportation
Potions
 c - 2 potions of curing
 g - a potion of haste
 k - 2 potions of stabbing
 q - a potion of flight
 t - a potion of magic {unknown}
Comestibles
 f - 7 rations


   Skills:
 - Level 10.0(9.3) Fighting
   Level 1.0(0.4) Short Blades
 + Level 4.1(3.5) Axes
 - Level 1.5(1.0) Dodging
 - Level 8.6(7.9) Stealth
 + Level 3.4(2.8) Shields
 - Level 2.3(1.7) Spellcasting
 - Level 1.6(1.1) Evocations


You had 12 spell levels left.
You didn't know any spells.
Your spell library contained the following spells:

 Spells                   Type           Power        Failure   Level  Hunger
 Corona                   Hex            #......      86%         1    ##.....
 Ensorcelled Hibernation  Hex/Ice        #.....       94%         2    ###....
 Confusing Touch          Hex            #.......     99%         3    ####...
 Dazzling Flash           Conj/Hex       #.....       99%         3    ####...
 Gell's Gravitas          Tloc           #.........   99%         3    ####...
 Tukima's Dance           Hex            #.......     99%         3    ####...
 Petrify                  Tmut/Erth      #.......     100%        4    #####..
 Metabolic Englaciation   Hex/Ice        #.........   100%        5    ######.
 Yara's Violent Unravell  Hex/Tmut       #.........   100%        5    ######.


Dungeon Overview and Level Annotations

Branches:
Dungeon (10/15)            Temple (1/1) D:7
   Lair: D:8-11         Orc: D:9-12

Altars:
Ashenzari
Cheibriados
Dithmenos
Elyvilon
Fedhas
Gozag
Hepliaklqana
Kikubaaqudgha
Makhleb
Nemelex Xobeh
Okawaru
Qazlal
Ru
Sif Muna
Trog
Uskayaw
Vehumet
Wu Jian
Xom
Yredelemnul
Zin
The Shining One

Shops:
D:6 ?   D:7 ?

Annotations:
D:6 Grinder; Sigmund
D:7 exclusion: ogre, Prince Ribbit
D:8 3 runed translucent doors, 1 exclusion, gruber's ghost, novice MiFi; harkrass's ghost, novice MiFi; nebnoj's ghost, novice HOFi; zergursh's ghost, novice DrFE
D:10 exclusion: two-headed ogre


Innate Abilities, Weirdness & Mutations

You cannot wear boots.
Your serpentine skin is tough. (AC +3)
You have supernaturally acute eyesight. (SInv)
Armour fits poorly on your strangely shaped body.
Your system is resistant to poisons. (rPois)
You cover ground very slowly.
You have a slow metabolism.
You can spit poison.


Message History

The hell hound looks even sicker.
The hell hound is moderately wounded.
You feel slightly more hungry. The hell hound bites you.
* * * LOW HITPOINT WARNING * * *
The hell hound barely misses you.
Unknown command.
Okay, then.
Evoke which item? (* to show all) (? for menu, Esc to quit)
Okay, then.
You hit the hell hound.
The hell hound is heavily wounded.
The hell hound bites you.
* * * LOW HITPOINT WARNING * * *
The hell hound bites you.
* * * LOW HITPOINT WARNING * * *
You barely miss the hell hound.
The hell hound is heavily wounded.
The hell hound bites you!
You die...
Your body crumbles into a pile of gold.

_'...#...##.8.8.8...#.......#
####...............##....#### ##
#..........#..........######
####.................##.......#
..........#..........##.......#
........<.#...........#.......#
..........##..........#.......#
..........##....h.###.#.....###
..........##....@.###.#.....#####
############.......##.#..........
$rrr.### ###........#....".....
..r##..#######.###.####......@...
#######.#$#..........#......#####
##.##..........#......##...
###.#..........#......##.##
##..##..........#......##.#
##.####....###..........##.##


You could see a hell hound (very poisoned).

Vanquished Creatures
  A hippogriff (D:7)
  A wyvern (D:8)
  2 ice beasts
  3 phantoms
  2 ogres
  2 centaurs
  2 big kobolds
  3 bullfrogs
  2 howler monkeys (D:4)
  A centaur zombie (D:8)
  A crimson imp (D:7)
  2 centaur skeletons
  5 hounds
  A jelly (D:4)
  A gnoll shaman (D:6)
  3 iguanas
  Jessica (D:3)
  An orc wizard (D:4)
  8 worker ants
  A hound skeleton (D:10)
  Robin (D:3)
  7 gnolls
  9 adders
  2 adder skeletons
  4 worms
  3 dart slugs
  8 leopard geckos
  16 orcs
  A ball python (D:2)
  6 giant cockroaches
  18 hobgoblins
  11 jackals
  3 quokkas
  9 bats
  4 frilled lizards
  13 goblins
  A jackal skeleton (D:5)
  A jackal zombie (D:7)
  15 kobolds
  18 rats
193 creatures vanquished.

Vanquished Creatures (others)
  A withered plant (D:8)
1 creature vanquished.

Grand Total: 194 creatures vanquished

Notes
Turn   | Place    | Note
-------+----------+-------------------------------------------
     0 | D:1      | MajorAdolf the Naga Wanderer began the quest for the Orb.
     0 | D:1      | MajorAdolf set off with the following items: a +2 short
                  | sword, a potion of lignification, a potion of curing, a +0
                  | robe, a +0 dagger, a ration
     0 | D:1      | Reached XP level 1. HP: 21/21 MP: 1/1
   389 | D:1      | Reached XP level 2. HP: 23/28 MP: 2/2
   999 | D:1      | Reached XP level 3. HP: 36/36 MP: 3/3
  1601 | D:2      | Reached skill level 4 in Fighting
  1739 | D:2      | Reached XP level 4. HP: 44/44 MP: 4/4
  2782 | D:3      | Reached XP level 5. HP: 20/51 MP: 5/5
  3164 | D:2      | Found a shimmering altar of Xom.
  3421 | D:3      | Noticed Jessica
  3427 | D:3      | Killed Jessica
  3497 | D:3      | Found a shimmering blue altar of Sif Muna.
  3504 | D:3      | Noticed Robin
  3613 | D:3      | Reached skill level 5 in Fighting
  3952 | D:3      | Killed Robin
  4591 | D:4      | Noticed a phantom
  4861 | D:3      | Killed a phantom
  4861 | D:3      | Reached skill level 6 in Fighting
  4861 | D:3      | Reached XP level 6. HP: 44/62 MP: 6/6
  5921 | D:4      | Reached skill level 7 in Fighting
  5921 | D:4      | Reached XP level 7. HP: 72/72 MP: 7/7
  6201 | D:4      | Found a sacrificial altar of Ru.
  6240 | D:4      | Reached skill level 8 in Fighting
  6531 | D:4      | You fall into a shaft and drop 3 floors!
  6541 | D:7      | Reached XP level 8. HP: 82/82 MP: 8/8
  6617 | D:7      | Reached skill level 9 in Fighting
  6625 | D:7      | Found a staircase to the Ecumenical Temple.
  6857 | D:6      | Noticed Sigmund
  7146 | D:5      | Entered Level 5 of the Dungeon
  8839 | D:5      | Reached skill level 10 in Fighting
  9592 | D:4      | Reached skill level 1 in Axes
  9592 | D:4      | Reached skill level 1 in Shields
  9935 | Temple   | Entered the Ecumenical Temple
 10145 | Temple   | Became a worshipper of Gozag Ym Sagoz the Greedy
 10164 | D:7      | Found Lohaigen's Magic Scroll Shop.
 10174 | D:7      | Bought a scroll of identify for 26 gold pieces
 10174 | D:7      | Bought a scroll of identify for 26 gold pieces
 10733 | D:7      | Reached XP level 9. HP: 69/93 MP: 9/9
 11029 | D:7      | You fall into a shaft and drop 3 floors!
 11029 | D:10     | Entered Level 10 of the Dungeon
 11260 | D:10     | Noticed a two-headed ogre
 11415 | D:8      | Found a runed translucent gate.
 11415 | D:8      | Found a runed translucent gate.
 11415 | D:8      | Found a runed translucent gate.
 11416 | D:8      | Noticed gruber's ghost (novice MiFi)
 11416 | D:8      | Noticed harkrass's ghost (novice MiFi)
 11416 | D:8      | Noticed nebnoj's ghost (novice HOFi)
 11416 | D:8      | Noticed zergursh's ghost (novice DrFE)
 11689 | D:8      | Reached skill level 1 in Spellcasting
 11949 | D:8      | Noticed Prince Ribbit
 11951 | D:8      | Noticed a gargoyle
 12080 | D:6      | Found Reujia's Magic Scroll Shoppe.
 12323 | D:6      | Bought a scroll of teleportation for 39 gold pieces
 12323 | D:6      | Bought a scroll of teleportation for 39 gold pieces
 12351 | D:6      | Found a glowing golden altar of the Shining One.
 12394 | D:6      | Noticed Grinder
 12412 | D:6      | Found a stormy altar of Qazlal.
 13662 | D:8      | Reached skill level 1 in Evocations
 14102 | D:6      | Slain by a hell hound

Illustrated notes

Levels and vault maps discovered:
D:1:      wheals_arrival_linesprint, layout_loops_cross,
          minmay_misc_feat_encased
D:2:      layout_loops_ring, tgw_xom, item_on_display_a
D:3:      layout_loops_ring, nicolae_overflow_hidden_temple,
          minmay_misc_feat_pillars, uniq_jessica, uniq_robin
D:4:      layout_basic, nicolae_ru_awakened_eye, first_ration
D:5:      layout_gridville
D:6:      wander_guarded_unrand_ratskin, layout_basic, lemuel_doored_altar,
          serial_shops, nicolae_shop_temple_entry_statues_fountains,
          minmay_misc_feat_ornament, grunt_qazlal_clouds, uniq_sigmund,
          uniq_grinder
D:7:      layout_loops_cross, minmay_temple_entry_purple_smoke, serial_shops,
          nicolae_shop_temple_entry_statues_fountains
D:8:      layout_loops_cross, gammafunk_ghost_cemetery, uniq_prince_ribbit1
D:9:      layout_basic, serial_shops, nicolae_shop_competitors_out_of_business,
          hangedman_abyss_or_decor_lesser_grid, hangedman_pestilent_swarm,
          nicolae_good_shop
D:10:     layout_basic
Temple:   hc_temple_tempest_star

Skill      XL: |  1  2  3  4  5  6  7  8  9 |
---------------+----------------------------+-----
Stealth        | 6 7 8 |  8.6
Fighting       | 4 6 7 8 10 | 10.0
Axes           | 2 4 |  4.1
Shields        | 2 3 |  3.4
Spellcasting   | 2 |  2.3
Evocations     | 1 |  1.6
Short Blades   | |  1.0
Dodging        | |  1.5

Action                   |  1- 3 |  4- 6 |  7- 9 || total
-------------------------+-------+-------+-------++-------
Melee: Short sword       |    61 |   214 |   213 ||   488
       Dagger            |       |    61 |       ||    61
       Hand axe          |       |       |   311 ||   311
 Abil: Spit Poison       |     7 |    13 |    20 ||    40
Evoke: Wand              |       |       |     1 ||     1
  Use: Scroll            |       |     6 |    14 ||    20
       Potion            |       |       |     6 ||     6
 Stab: Sleeping          |    14 |    13 |    18 ||    45
  Eat: Chunk             |     2 |    11 |     7 ||    20
       Ration            |       |       |     5 ||     5
Armor: Robe              |     6 |    24 |       ||    30
       Ring mail         |       |    90 |   296 ||   386
       Skin              |       |       |    20 ||    20
Dodge: Dodged            |    20 |   156 |   182 ||   358
Block: Kite shield       |       |       |   135 ||   135
